BSA
NEVADA NOISE @ VISTA PANTHERS
08/08/2028
 
TOP OF THE 1ST
Nevada Noise batting - Pitching for Vista Panthers : RHP Jim Hendon
Pitching: RHP Jim Hendon
Batting: RHB Max Jones 0-0: Ball
1-0: Called Strike
1-1: Foul Ball, location: 2F
1-2: Strikes out swinging
Batting: RHB Fernando Gálvez 0-0: Foul Ball, location: 2F
0-1: Ground out 6-3 (Groundball, 6)
Batting: SHB Julián Madrid 0-0: Ball
1-0: SOLO HOME RUN (Flyball, 8RXD), Distance : 426 ft
Batting: LHB Willie Wallace 0-0: SINGLE (Line Drive, 4MD)
Batting: RHB Edward Young 0-0: Called Strike
0-1: Fielders Choice at 2nd, 6-4 (Groundball, 6)
Top of the 1st over - 1 run(s), 2 hit(s), 0 error(s), 0 left on base; Nevada 1 - Vista 0
BOTTOM OF THE 1ST
Vista Panthers batting - Pitching for Nevada Noise : RHP Arthur López
Pitching: RHP Arthur López
Batting: LHB Francisco Marino 0-0: Fly out, F9 (Flyball, 89S)
Batting: RHB Stephen Wilson 0-0: Ball
1-0: Foul Ball, location: 2F
1-1: Swinging Strike
1-2: Foul Ball, location: 2F
1-2: Ball
2-2: DOUBLE (Line Drive, 9LS)
Batting: RHB Cisco Gatán 0-0: Ball
1-0: Ball
2-0: Swinging Strike
2-1: Ball
3-1: Ground out 5-3 (Groundball, 56S)
Stephen Wilson to third
Batting: LHB Juan Cortés 0-0: Ball
1-0: Swinging Strike
1-1: Foul Ball, location: 2F
1-2: Ball
2-2: Strikes out swinging
Bottom of the 1st over - 0 run(s), 1 hit(s), 0 error(s), 1 left on base; Nevada 1 - Vista 0
TOP OF THE 2ND
Nevada Noise batting - Pitching for Vista Panthers : RHP Jim Hendon
Batting: LHB Milton Watson 0-0: Fly out, F8 (Flyball, 8RD)
Batting: RHB Rich Ruffin 0-0: Ball
1-0: Ball
2-0: Called Strike
2-1: Ball
3-1: SINGLE (Groundball, 4MD)
Batting: RHB Fernando Martínez 0-0: Called Strike
0-1: Foul Ball, location: 2F
0-2: Foul Ball, location: 2F
0-2: Strikes out looking
Batting: RHB Pepe González 0-0: Ball
1-0: SINGLE (Groundball, 34S) (infield hit)
Rich Ruffin to second
Batting: RHB Max Jones 0-0: Ball
1-0: Called Strike
1-1: Fly out, F9 (Line Drive, 9)
Top of the 2nd over - 0 run(s), 2 hit(s), 0 error(s), 2 left on base; Nevada 1 - Vista 0
BOTTOM OF THE 2ND
Vista Panthers batting - Pitching for Nevada Noise : RHP Arthur López
Batting: RHB Alfredo Rivera 0-0: Ball
1-0: Called Strike
1-1: Ground out 6-3 (Groundball, 6)
Batting: LHB Bob Cunningham 0-0: Ball
1-0: Foul Ball, location: 2F
1-1: Swinging Strike
1-2: DOUBLE (Line Drive, 8RXD)
Batting: SHB Mark Wells 0-0: Ball
1-0: Foul Ball, location: 2F
1-1: Ball
2-1: Foul Ball, location: 2F
2-2: Fly out, F7 (Line Drive, 7LM)
Batting: RHB Johnny Williams 0-0: Called Strike
0-1: Ball
1-1: SINGLE (Flyball, 89S)
Bob Cunningham to third
Runner from 3rd tries for Home, SAFE, no throw
Batting: RHB Justin Burgess 0-0: Called Strike
0-1: SINGLE (Groundball, 4MD)
Johnny Williams to second
Runner from 2nd tries for 3rd, SAFE, throw made to third
Batting: LHB Francisco Marino 0-0: Ball
1-0: Swinging Strike
1-1: Foul Ball, location: 2F
1-2: Strikes out looking
Bottom of the 2nd over - 1 run(s), 3 hit(s), 0 error(s), 2 left on base; Nevada 1 - Vista 1
TOP OF THE 3RD
Nevada Noise batting - Pitching for Vista Panthers : RHP Jim Hendon
Batting: RHB Fernando Gálvez 0-0: Ball
1-0: Called Strike
1-1: Fly out, F9 (Flyball, 9S)
Batting: SHB Julián Madrid 0-0: Called Strike
0-1: Ball
1-1: Ball
2-1: Foul Ball, location: 2F
2-2: Ball
3-2: Base on Balls
Batting: LHB Willie Wallace 0-0: Called Strike
0-1: Ball
1-1: DOUBLE (Line Drive, 9LM)
Julián Madrid to third
Batting: RHB Edward Young 0-0: Swinging Strike
0-1: Ball
1-1: Ground out 1-3 (Groundball, 15)
Batting: LHB Milton Watson 0-0: Foul Ball, location: 2F
0-1: Ball
1-1: Fly out, F7 (Flyball, 7S)
Top of the 3rd over - 0 run(s), 1 hit(s), 0 error(s), 2 left on base; Nevada 1 - Vista 1
BOTTOM OF THE 3RD
Vista Panthers batting - Pitching for Nevada Noise : RHP Arthur López
Batting: RHB Stephen Wilson 0-0: Called Strike
0-1: Ball
1-1: Swinging Strike
1-2: Ball
2-2: Ball
3-2: Foul Ball, location: 2F
3-2: Foul Ball, location: 2F
3-2: SINGLE (Groundball, 34D)
Batting: RHB Cisco Gatán 0-0: Called Strike
0-1: Grounds into double play, 5-4-3 (Groundball, 56)
Batting: LHB Juan Cortés 0-0: Ground out 6-3 (Groundball, 6)
Bottom of the 3rd over - 0 run(s), 1 hit(s), 0 error(s), 0 left on base; Nevada 1 - Vista 1
TOP OF THE 4TH
Nevada Noise batting - Pitching for Vista Panthers : RHP Jim Hendon
Batting: RHB Rich Ruffin 0-0: Called Strike
0-1: Called Strike
0-2: Reached on error, E6 (Groundball, 6)
Batting: RHB Fernando Martínez 0-0: Ball
1-0: Foul Ball, location: 2F
1-1: Foul Ball, location: 2F
1-2: Ball
2-2: Foul Ball, location: 2F
2-2: Strikes out swinging
Batting: RHB Pepe González 0-0: Ball
1-0: Fly out, F4 (Flyball, 34D)
Batting: RHB Max Jones 0-0: Foul Ball, location: 2F
0-1: Ball
1-1: Swinging Strike
1-2: Ball
2-2: Foul Ball, location: 2F
2-2: Strikes out swinging
Top of the 4th over - 0 run(s), 0 hit(s), 1 error(s), 1 left on base; Nevada 1 - Vista 1
BOTTOM OF THE 4TH
Vista Panthers batting - Pitching for Nevada Noise : RHP Arthur López
Batting: RHB Alfredo Rivera 0-0: Swinging Strike
0-1: Called Strike
0-2: Ground out 6-3 (Groundball, 56)
Batting: LHB Bob Cunningham 0-0: Ball
1-0: Called Strike
1-1: Fly out, F7 (Flyball, 7LSF)
Batting: SHB Mark Wells 0-0: Ball
1-0: SOLO HOME RUN (Flyball, 8LXD), Distance : 425 ft
Batting: RHB Johnny Williams 0-0: Called Strike
0-1: Swinging Strike
0-2: Fly out, F8 (Flyball, 89D)
Bottom of the 4th over - 1 run(s), 1 hit(s), 0 error(s), 0 left on base; Nevada 1 - Vista 2
TOP OF THE 5TH
Nevada Noise batting - Pitching for Vista Panthers : RHP Jim Hendon
Batting: RHB Fernando Gálvez 0-0: Ball
1-0: Foul Ball, location: 2F
1-1: Ball
2-1: Swinging Strike
2-2: Foul Ball, location: 2F
2-2: Fly out, F7 (Line Drive, 7D)
Batting: SHB Julián Madrid 0-0: Ball
1-0: Ground out 6-3 (Groundball, 56D)
Batting: LHB Willie Wallace 0-0: Ball
1-0: Called Strike
1-1: Called Strike
1-2: Ball
2-2: Strikes out swinging
Top of the 5th over - 0 run(s), 0 hit(s), 0 error(s), 0 left on base; Nevada 1 - Vista 2
BOTTOM OF THE 5TH
Vista Panthers batting - Pitching for Nevada Noise : RHP Arthur López
Batting: RHB Justin Burgess 0-0: Ground out 4-3 (Groundball, 4)
Batting: LHB Francisco Marino 0-0: Swinging Strike
0-1: Foul Ball, location: 2F
0-2: Strikes out looking
Batting: RHB Stephen Wilson 0-0: Called Strike
0-1: Swinging Strike
0-2: Foul Ball, location: 2F
0-2: Ball
1-2: Strikes out looking
Bottom of the 5th over - 0 run(s), 0 hit(s), 0 error(s), 0 left on base; Nevada 1 - Vista 2
TOP OF THE 6TH
Nevada Noise batting - Pitching for Vista Panthers : RHP Jim Hendon
Batting: RHB Edward Young 0-0: Called Strike
0-1: Ball
1-1: Ball
2-1: Foul Ball, location: 2F
2-2: DOUBLE (Line Drive, 78M)
Batting: LHB Milton Watson 0-0: Ball
1-0: Called Strike
1-1: Ball
2-1: Reached on error, E7 (Flyball, 78S)
Edward Young to third
Batting: RHB Rich Ruffin 0-0: Foul Ball, location: 2F
0-1: Ball
1-1: SINGLE (Groundball, 56)
Edward Young scores
Milton Watson to second
Batting: RHB Fernando Martínez 0-0: Foul Ball, location: 2F
0-1: Foul Ball, location: 2F
0-2: Strikes out swinging
Batting: RHB Pepe González 0-0: Called Strike
0-1: Foul Ball, location: 2F
0-2: Foul Ball, location: 2F
0-2: Strikes out swinging
Batting: RHB Max Jones 0-0: Ball
1-0: Ball
2-0: Ball
3-0: Called Strike
3-1: SINGLE (Line Drive, 78M)
Milton Watson to third
Rich Ruffin to second
Runner from 3rd tries for Home, SAFE, throw made at trailing runner, OUT at third!
Top of the 6th over - 2 run(s), 3 hit(s), 1 error(s), 1 left on base; Nevada 3 - Vista 2
BOTTOM OF THE 6TH
Vista Panthers batting - Pitching for Nevada Noise : RHP Arthur López
Batting: RHB Cisco Gatán 0-0: Ball
1-0: Foul Ball, location: 2F
1-1: Ball
2-1: Foul Ball, location: 2F
2-2: Ground out 1-3 (Groundball, 15)
Batting: LHB Juan Cortés 0-0: Fly out, F8 (Flyball, 8LM)
Batting: RHB Alfredo Rivera 0-0: Ball
1-0: Ball
2-0: SINGLE (Groundball, 6M) (infield hit)
Batting: LHB Bob Cunningham 0-0: Foul Ball, location: 2F
0-1: Ball
1-1: Ball
2-1: Called Strike
2-2: Fly out, F9 (Line Drive, 9S)
Bottom of the 6th over - 0 run(s), 1 hit(s), 0 error(s), 1 left on base; Nevada 3 - Vista 2
TOP OF THE 7TH
Nevada Noise batting - Pitching for Vista Panthers : RHP Jim Hendon
Batting: RHB Fernando Gálvez 0-0: Ball
1-0: Ground out 5-3 (Groundball, 5S)
Batting: SHB Julián Madrid 0-0: Called Strike
0-1: Foul Ball, location: 2F
0-2: Ball
1-2: Ball
2-2: Fly out, F8 (Flyball, 8LM)
Batting: LHB Willie Wallace 0-0: Called Strike
0-1: Foul Ball, location: 2F
0-2: Strikes out looking
Top of the 7th over - 0 run(s), 0 hit(s), 0 error(s), 0 left on base; Nevada 3 - Vista 2
BOTTOM OF THE 7TH
Vista Panthers batting - Pitching for Nevada Noise : RHP Arthur López
Batting: SHB Mark Wells 0-0: Called Strike
0-1: Foul Ball, location: 2F
0-2: Strikes out swinging
Batting: RHB Johnny Williams 0-0: Ball
1-0: Ball
2-0: Ground out 5-3 (Groundball, 56)
Batting: RHB Justin Burgess 0-0: Called Strike
0-1: Fly out, F3 (Line Drive, 3S)
Bottom of the 7th over - 0 run(s), 0 hit(s), 0 error(s), 0 left on base; Nevada 3 - Vista 2
TOP OF THE 8TH
Nevada Noise batting - Pitching for Vista Panthers : RHP Jim Hendon
Pitching: RHP António López
Batting: RHB Edward Young 0-0: Ball
1-0: Ball
2-0: DOUBLE (Line Drive, 7LD)
Pitching: LHP António Martínez
Pinch Hitting: RHB Jesús Hernández 0-0: Ball
1-0: Ground out 6-3 (Groundball, 6)
Batting: RHB Rich Ruffin 0-0: Intentional Walk
Pitching: RHP Yajirobei Endo
Pinch Hitting: LHB Pablo Reyes 0-0: Foul Ball, location: 2F
0-1: Fly out, F8 (Flyball, 8LS)
Pinch Hitting: LHB Tom Waller 0-0: Called Strike
0-1: Called Strike
0-2: Ball
1-2: Ball
2-2: Foul Ball, location: 2F
2-2: SINGLE (Groundball, 34D)
Edward Young to third
Rich Ruffin to second
Runner from 3rd tries for Home, SAFE, no throw
Pinch Hitting: LHB Jeff Cole 0-0: Called Strike
0-1: Swinging Strike
0-2: Strikes out swinging
Top of the 8th over - 1 run(s), 2 hit(s), 0 error(s), 2 left on base; Nevada 4 - Vista 2
BOTTOM OF THE 8TH
Vista Panthers batting - Pitching for Nevada Noise : RHP Arthur López
Now at 1B: Tom Waller
Now at SS: Vern Carlton
Now in LF: Pablo Reyes
Now in RF: Jack Bailey
Batting: LHB Francisco Marino 0-0: Called Strike
0-1: Ball
1-1: Ground out 6-3 (Groundball, 6)
Batting: RHB Stephen Wilson 0-0: Foul Ball, location: 2F
0-1: Foul Ball, location: 2F
0-2: Ball
1-2: Ground out 6-3 (Groundball, 6)
Batting: RHB Cisco Gatán 0-0: Ball
1-0: Ball
2-0: Fly out, F4 (Line Drive, 4)
Bottom of the 8th over - 0 run(s), 0 hit(s), 0 error(s), 0 left on base; Nevada 4 - Vista 2
TOP OF THE 9TH
Nevada Noise batting - Pitching for Vista Panthers : RHP Yajirobei Endo
Batting: RHB Fernando Gálvez 0-0: Called Strike
0-1: Ball
1-1: Ball
2-1: Ball
3-1: Base on Balls
Batting: SHB Julián Madrid 0-0: Ball
1-0: Ball
2-0: Ball
3-0: Base on Balls
Fernando Gálvez to second
Pitching: RHP David Simpson
Batting: LHB Willie Wallace 0-0: Ball
1-0: DOUBLE (Line Drive, 9LM)
Fernando Gálvez scores
Julián Madrid to third
Batting: RHB Edward Young 0-0: Intentional Walk
Batting: RHB Jack Bailey 0-0: Called Strike
0-1: Fly out, F7 (Flyball, 7)
Runner from 3rd tags up, OUT at HOME
Willie Wallace to third
Edward Young to second
Batting: RHB Rich Ruffin 0-0: Ball
1-0: Ball
2-0: Ball
3-0: Called Strike
3-1: Ground out 3-1 (Groundball, 34S)
Top of the 9th over - 1 run(s), 1 hit(s), 0 error(s), 2 left on base; Nevada 5 - Vista 2
BOTTOM OF THE 9TH
Vista Panthers batting - Pitching for Nevada Noise : RHP Arthur López
Pitching: RHP Jorge Pérez
Batting: LHB Juan Cortés 0-0: Ball
1-0: Ball
2-0: Ball
3-0: Base on Balls
Batting: RHB Alfredo Rivera 0-0: Called Strike
0-1: Swinging Strike
0-2: Ground out 5-3 (Groundball, 56S)
Juan Cortés to second
Batting: LHB Bob Cunningham 0-0: Ball
1-0: Called Strike
1-1: Foul Ball, location: 2F
1-2: Foul Ball, location: 2F
1-2: Ground out U3 (Groundball, 34)
Juan Cortés to third
Batting: SHB Mark Wells 0-0: Called Strike
0-1: Ground out 1-3 (Groundball, 13S)
Bottom of the 9th over - 0 run(s), 0 hit(s), 0 error(s), 1 left on base; Nevada 5 - Vista 2
Tuesday, August 8th, 2017 - OOTP Baseball 17.12 Build 75